Match 48582634
Unlisted

Match 48582634
End
Kradschützen Motorcycle Team
Panzergrenadier Squad
Panzergrenadier Squad
Panzergrenadier Squad
Construct Light Support Kompanie
Selects Battlefield Espionage Battlegroup
Selects Intel Disruption Beacon
2.5-tonne Medical Truck
Fire Support Elements
Construct Panzerarmee Kommand
Veteran Squad Leaders
Rapid Advance
Panzer III L Medium Tank
Emergency Repair Kits
Panzer III L Medium Tank
Tungsten Core Ammunition
Panzer III L Medium Tank
Vehicle Survival Package
Advanced Optics
Advanced Field Repairs
Selects 250/3 Funkpanzerwagen
Selects Advanced Ambush Training
Selects Plunder
Selects Disruption Operation
Armored Reserves
Tiger Heavy Tank
Disruption Operation
Construct Mechanized Kompanie
Dr Jello
djkeenan
反内卷办公室主任
Olg
yesman55
rocketpossum
0
0

Comments sign in to comment!

No comments posted yet!